 Dungeon Crawl Stone Soup version 0.21.1-1-g345015fe64 (webtiles) character file.

199 Htamos the Shield-Bearer (level 6, 0/72 HPs)
             Began as a Formicid Fighter on July 5, 2018.
             Succumbed to Crazy Yiuf's poison
             ... on level 3 of the Dungeon.
             The game lasted 00:06:58 (2144 turns).

Htamos the Shield-Bearer (Formicid Fighter)         Turns: 2144, Time: 00:06:59

Health: 0/72       AC: 23    Str: 23    XL:     6   Next: 6%
Magic:  6/6        EV:  2    Int:  7    God:
Gold:   71         SH: 10    Dex: 15    Spells: 5/5 levels left

rFire    . . .     SeeInvis .   a - +0 war axe
rCold    . . .     Gourm    .   c - +0 shield
rNeg     + + +     Faith    .   (armour currently unavailable)
rPois    +         Spirit   .   (helmet unavailable)
rElec    .         Reflect  .   (cloak currently unavailable)
rCorr    .         Harm     .   (gloves currently unavailable)
MR       .....                  (boots currently unavailable)
Stlth    +++.......             (no amulet)
HPRegen  0.22/turn              h - ring of poison resistance
MPRegen  0.10/turn              (no ring)

@: agile, lethally poisoned (0 -> -3), tree-form, drained
A: permanent stasis, dig shafts and tunnels, four strong arms
a: no special abilities


You were on level 3 of the Dungeon.
You were very hungry.
You were a tree.
You visited 1 branch of the dungeon, and saw 3 of its levels.

You collected 71 gold pieces.

Inventory:

Hand Weapons
 a - a +0 war axe (weapon)
Armour
 b - a +0 scale mail (melded)
 c - a +0 shield (worn)
Jewellery
 h - a ring of poison resistance (left branch)
Wands
 i - a wand of scattershot (3)
Scrolls
 m - a scroll of noise
Potions
 d - a potion of might
 e - a potion of lignification
Comestibles
 f - 3 rations


   Skills:
 * Level 4.1(3.9) Fighting
 + Level 3.2(3.0) Axes
 * Level 4.3(4.1) Armour
 * Level 2.3(2.1) Stealth
 * Level 4.8(4.6) Shields


You had 5 spell levels left.
You didn't know any spells.

Dungeon Overview and Level Annotations

Branches:
Dungeon (3/15)

Altars:
Gozag
Nemelex Xobeh
Qazlal
Sif Muna


Innate Abilities, Weirdness & Mutations

You cannot be hasted, slowed, berserked, paralysed or teleported.
You can dig through walls and to a lower floor.
Your four strong arms can wield two-handed weapons with a shield.
((You have a pair of large antennae on your head. (SInv)))


Message History

It was a potion of agility.
You feel agile all of a sudden.
There is a lethal amount of poison in your body!
There is a lethal amount of poison in your body!
There is a lethal amount of poison in your body!
As you read the scroll labeled LOHEIDD DYIFOXT, it crumbles to dust.
It is a scroll of identify.
m - a scroll of noise
* * * LOW HITPOINT WARNING * * *
You feel sick.
Unknown command.
Okay, then.
Sorry, you're not good enough to have a special ability.
* * * LOW HITPOINT WARNING * * *
You feel sick.
* * * LOW HITPOINT WARNING * * *
You feel sick.
* * * LOW HITPOINT WARNING * * *
You feel sick.
You die...

#.# ## #.# ##.# #.#
...# #.# .#.# #.#
.#.# .# >#.#####
.....(.#### ####
#..##...#.## ###..)#
#.###......####.♣)..#
#.# ##......#..##...#
#.# ##.#..#.### ####
#.# ######## #(# #.#
#.# {


There were no monsters in sight!

Vanquished Creatures
  An orc priest (D:3)
  Crazy Yiuf (D:3)
  Natasha (thrice) (D:2)
  A gnoll (D:1)
  4 worms
  3 leopard geckos
  3 orcs (D:3)
  A bat (D:2)
  6 goblins
  6 hobgoblins
  3 jackals
  A quokka (D:2)
  4 frilled lizards
  6 kobolds
  3 rats (D:1)
46 creatures vanquished.

Notes
Turn   | Place    | Note
-------+----------+-------------------------------------------
     0 | D:1      | Htamos the Formicid Fighter began the quest for the Orb.
     0 | D:1      | Reached XP level 1. HP: 18/18 MP: 1/1
   214 | D:1      | Reached XP level 2. HP: 24/24 MP: 2/2
   385 | D:1      | Reached XP level 3. HP: 29/29 MP: 3/3
   570 | D:2      | Found a sparkling altar of Nemelex Xobeh.
   752 | D:2      | Reached skill level 1 in Stealth
   769 | D:2      | Found a faded altar of an unknown god.
   832 | D:2      | Found a stormy altar of Qazlal.
   837 | D:2      | Found an opulent altar of Gozag.
   852 | D:2      | Found a deep blue altar of Sif Muna.
   956 | D:2      | Reached XP level 4. HP: 35/37 MP: 4/4
   998 | D:2      | Noticed Natasha
  1012 | D:2      | Killed Natasha
  1558 | D:2      | Noticed Natasha
  1567 | D:2      | Killed Natasha
  1567 | D:2      | Reached XP level 5. HP: 22/42 MP: 5/5
  1829 | D:2      | Noticed Natasha
  1836 | D:2      | Killed Natasha
  2122 | D:3      | Found a runed door.
  2126 | D:3      | Noticed Crazy Yiuf
  2132 | D:3      | Killed Crazy Yiuf
  2132 | D:3      | Reached XP level 6. HP: 7/48 MP: 6/6
  2137 | D:3      | HP: 3/72 [poisoned by Crazy Yiuf]
  2141 | D:3      | HP: 1/72 [poisoned by Crazy Yiuf]
  2144 | D:3      | Succumbed to Crazy Yiuf's poison

Skill      XL: |  1  2  3  4  5 |
---------------+----------------+-----
Shields        | 4 |  4.8
Stealth        | 1 2 |  2.3
Armour         | 4 |  4.3
Fighting       | 4 |  4.1
Axes           | 3 |  3.2

Action                   |  1- 3 |  4- 6 || total
-------------------------+-------+-------++-------
Melee: War axe           |    85 |    64 ||   149
  Use: Potion            |       |     4 ||     4
       Scroll            |       |     2 ||     2
  Eat: Chunk             |       |     3 ||     3
Armor: Scale mail        |    30 |    15 ||    45
Dodge: Dodged            |    22 |    23 ||    45
Block: Shield            |    40 |    27 ||    67
